[Event "Early-Titled-Tuesday-Blitz-February-27-2024"]
[Site "Chess.com"]
[Date "2024.02.27"]
[Round "11"]
[White "Tugrik1969"]
[Black "MaxLeto"]
[Result "1-0"]
[WhiteElo "2393"]
[BlackElo "2498"]
[TimeControl "180+1"]
[EndTime "10:06:52 PST"]
[Termination "Tugrik1969 won by checkmate"]

1. d4 h5 2. e4 h4 3. h3 d5 4. exd5 Qxd5 5. Nf3 Bf5 6. Be2 e6 7.
O-O Nc6 8. c4 Qd7 9. d5 exd5 10.
cxd5 Nb4 11. Nc3 O-O-O 12. Bf4 Nxd5 13. Nxd5 Qxd5 14. Rc1 Bc5 15. Qxd5 Rxd5 16. Bc4 Rd7 17. Ne5 Re7 18. Nxf7 Rh5 19. Ng5 Nf6 20. Bf7 Rxg5 21. Bxg5 Bd4 22. Bc4 Bxb2 23. Rce1 Rd7 24. Bxh4 c6 25. g4 b5 26. Bb3 Bd3 27. Be6 a5 28. Re3 Bxf1 29. Kxf1 Kc7 30. Bxd7 Nxd7 31. Bg3+ Kb6 32. h4 a4 33. h5 Nf6 34. f3 Nd5 35. Re2 a3 36. Be5 Bxe5 37. Rxe5 Nc3 38. Re2 Nxe2 39. Kxe2 b4 40. g5 b3 41. h6 gxh6 42. g6 bxa2 43. g7 a1=Q 44. g8=Q Qb2+ 45. Ke3 a2 46. Qb8+ Kc5 47. Qxb2 h5 48. Qxa2 h4 49. Qh2 h3 50. Qxh3 Kb4 51. Qf5 c5 52. Kd2 c4 53.
Qe4 Kb3 54. Qb7+ Ka2 55. Kc2 c3 56. Qa7# 1-0

[Event "Early-Titled-Tuesday-Blitz-February-27-2024"]
[Site "Chess.com"]
[Date "2024.02.27"]
[Round "11"]
[White "LileKoridze"]
[Black "Fluffey"]
[Result "1-0"]
[WhiteElo "2431"]
[BlackElo "2504"]
[TimeControl "180+1"]
[EndTime "10:06:55 PST"]
[Termination "LileKoridze won by resignation"]

1. d4 Nf6 2. c4 b6 3. Nf3 Bb7 4. g3 Bxf3 5. exf3 e6 6. Bg2 Bb4+ 7. Bd2 Bxd2+ 8. Nxd2 d5 9. O-O O-O 10. f4 Nc6 11. cxd5 Nxd5 12. Nc4 Nce7 13. Rc1 a5 14. Ne5 Ra7 15. a3 Qd6 16. Qc2 g6 17. Rfd1 a4 18. Ng4 Kg7 19. Ne3 Rd8 20. Nc4 Qd7 21. Ne5 Qb5 22. Bf1 Qa5 23. Nc4 Qa6 24. Nd6 Qa5 25.
Nc4 Qb5 26. Ne5 Qe8 27. Nc4 b5 28. Ne5 Rb8 29. Qc5 Rab7 30. Nd3 b4 31. axb4 Nxb4 32. Nxb4 Rxb4 33. Qxc7 Rxb2 34. Ra1 Nd5 35. Qc4 R2b4 36.
Qd3 Qd7 37. Rdc1 Ra8 38. Ra3 h5 39. Rc4 Qb7 40. Rxb4 Qxb4 41. Ra1 a3 42. Bg2 a2 43.
Qc2 Qxd4 44. Rxa2 Rxa2 45. Qxa2 Qd1+ 46. Bf1 h4 47. Qb2+ Kg8 48. Qb8+ Kh7 49. Qf8 h3 50. Qxf7+ Kh6 51. Qf8+ Kh7 52. Qf7+ Kh6 53. Qxe6 Nc3 54. Qxh3+ Kg7 55. Qe6 Nb1 56. Qe5+ Kf7 57. Kg2 Nd2 58. Bd3 Qc2 59. Bxc2 1-0

[Event "Early-Titled-Tuesday-Blitz-February-27-2024"]
[Site "Chess.com"]
[Date "2024.02.27"]
[Round "11"]
[White "ImportedItalianMaple"]
[Black "Bkmzzzzz"]
[Result "1/2-1/2"]
[WhiteElo "2525"]
[BlackElo "2397"]
[TimeControl "180+1"]
[EndTime "10:06:55 PST"]
[Termination "Game drawn by repetition"]

1. Nf3 d6 2. d4 Nd7 3. g3 e5 4. Bg2 f5 5. O-O Ngf6 6. c4 g6 7.
dxe5 Nxe5 8. Nxe5 dxe5 9. Qxd8+ Kxd8 10. Rd1+ Ke7 11. Nc3 c6 12. b3 Be6 13. e4 Kf7 14. Bb2 Bb4 15. a3 Bxc3 16. Bxc3 Nxe4 17. Bxe5 Rhe8 18. Bb2 Nc5 19. Rab1 Nxb3 20. Bc3 Bxc4 21. Rd7+ Re7 22. Rbd1 Re8 23. R7d6 Be6 24. Bb4 c5 25. Bc3 b6 26. h4 h5 27. Bf3 Nd4 28. Bxd4 cxd4 29.
R1xd4 Rc8 30. a4 Rc3 31. Kg2 Rec7 32. a5 bxa5 33. Ra6 R3c5 34. Ra4 Bc8 35. R6xa5 Rxa5 36. Rxa5 a6 37. Be2 Rc6 38. Bf3 Rb6 39. Bd5+ Ke7 40. Rc5 Kd6 41. Rxc8 Kxd5 42. Rd8+ Kc5 43. Kf3 Kb4 44. Ke3 a5 45. Kd2 Kb3 46. Kc1 a4 47. Kb1 a3 48. Ka1 Ra6 49. Rd3+ Kc2 50. Rd8 Kc3 51. Ka2 Kc4 52. Rc8+ Kd4 53. Rc2 Ke4 54. Rc3 Kd4 55. Rb3 Ra5 56. Rb6 Ke4 57. Rxg6 Kf3 58. Rg5 Kxf2 59. Rxh5 Kxg3 60. Rh8 f4 61. h5 f3 62. h6 f2 63. Rf8 Kg2 64. h7 Rh5 65. Rg8+ Kh1 66. h8=Q Rxh8 67. Rxh8+ Kg1 68. Rg8+ Kh2 69. Rh8+ Kg2 70. Rg8+ Kh2 71. Rh8+ Kg2 72. Rg8+ Kh2 1/2-1/2

[Event "Early-Titled-Tuesday-Blitz-February-27-2024"]
[Site "Chess.com"]
[Date "2024.02.27"]
[Round "11"]
[White "mishanick"]
[Black "Andreikka"]
[Result "1-0"]
[WhiteElo "3084"]
[BlackElo "2959"]
[TimeControl "180+1"]
[EndTime "10:06:56 PST"]
[Termination "mishanick won on time"]

1. d4 Nf6 2. c4 e6 3. Nc3 d5 4. Bg5 Be7 5. e3 h6 6. Bh4 Nbd7 7. Nf3 O-O 8. Qc2 c5 9. dxc5 dxc4 10. Bxc4 Nxc5 11.
O-O Bd7 12. Rfd1 Rc8 13. Ne5 Qc7 14. Bg3 Qb6 15. Nxd7 Ncxd7 16. Qb3 Qa5 17. Qb5 Bb4 18. Ne2 Rfd8 19. a3 Qxb5 20. Bxb5 Ba5 21. Rac1 Rxc1 22. Rxc1 a6 23. Ba4 Ne4 24. Bc7 Bxc7 25. Rxc7 Ndc5 26.
Bc2 Rd2 27. Rc8+ Kh7 28. Rxc5 f5 29. Rc7 Rxe2 30. g3 Re1+ 31. Kg2 Rc1 32. g4 Re1 33. gxf5 exf5 34. Rxb7 Re2 35. Bxe4 fxe4 36. Rb6 g5 37. h3 a5 38. Rb5 Kg6 39. a4 Rc2 40. b3 Rb2 41. Kg3 h5 42. Rb8 h4+ 43. Kg2 Kh5 44.
Rb5 Kg6 45. Rb7 Kh5 46. Rb6 Rb1 47. Rb5 Rb2 48. Rxa5 Rxb3 49. Rb5 Ra3 50. Rb4 Kg6 51. Rxe4 Kf5 52. Rb4 Ra1 53. Kf3 Rh1 54. Rb5+ Kg6 55.
a5 Rxh3+ 56. Kg4 Rh1 57. Rxg5+ Kf6 58. Rh5 Rg1+ 59. Kf3 1-0

[Event "Early-Titled-Tuesday-Blitz-February-27-2024"]
[Site "Chess.com"]
[Date "2024.02.27"]
[Round "11"]
[White "Doublekk14"]
[Black "ATM622"]
[Result "1/2-1/2"]
[WhiteElo "2343"]
[BlackElo "2531"]
[TimeControl "180+1"]
[EndTime "10:06:57 PST"]
[Termination "Game drawn - insufficient material"]

1. c4 e6 2. e4 d5 3. exd5 exd5 4.
d4 Nf6 5. Nc3 Bb4 6. Nf3 O-O 7.
Be2 dxc4 8. O-O c5 9. Bxc4 cxd4 10. Qxd4 Qxd4 11. Nxd4 Rd8 12. Ndb5 Na6 13. a3 Bf8 14. Bg5 Be6 15. Bxe6 fxe6 16. Rfe1 Kf7 17. Rad1 Be7 18. b4 h6 19. Be3 Rac8 20. Rxd8 Rxd8 21. Bxa7 Rd3 22.
Re3 Rd2 23. Re2 Rd3 24. Re3 Rd2 25. Re2 Rd7 26. h3 Nd5 27. Nxd5 Rxd5 28. Nd4 e5 29.
Nf3 Bf6 30. Rd2 Ke6 31. Kf1 e4 32. Rxd5 Kxd5 33. Nd2 Bb2 34. b5 Nc7 35. a4 Bc3 36. Ke2 Ne6 37. Be3 Bxd2 38. Kxd2 Kc4 39. Ke2 Kb4 40.
f3 exf3+ 41. Kxf3 Kxa4 42. b6 Kb5 43. Ke4 Nc5+ 44. Kf5 Kxb6 45. Kg6 Kc6 46. Kxg7 h5 47. Kg6 h4 48. Kg5 b5 49. Kxh4 b4 50. Bd2 b3 51.
Bc3 Na4 52. Bg7 b2 53. Bxb2 Nxb2 54. Kg5 Kd7 55. Kg6 Ke7 56. Kg7 Nd3 57. g4 Ne5 58. g5 Ke6 59. h4 Kf5 60. h5 Kxg5 61. h6 Ng6 62. h7 Kh5 63. h8=Q+ Nxh8 1/2-1/2

[Event "Early-Titled-Tuesday-Blitz-February-27-2024"]
[Site "Chess.com"]
[Date "2024.02.27"]
[Round "11"]
[White "Kazancev_Valerij_M"]
[Black "RandomNoob04"]
[Result "1-0"]
[WhiteElo "2424"]
[BlackElo "2585"]
[TimeControl "180+1"]
[EndTime "10:06:57 PST"]
[Termination "Kazancev_Valerij_M won by resignation"]

1. c4 g6 2. h4 Bg7 3. h5 gxh5 4.
Rxh5 Nf6 5. Rh1 c5 6. Nc3 Nc6 7. Nf3 d5 8. cxd5 Nxd5 9. Qb3 Ndb4 10. a3 Be6 11. Qa4 Nd5 12. Ng5 Nxc3 13. bxc3 Bf5 14. g4 Bg6 15. Bg2 Qd7 16. Ne4 Ne5 17. Qxd7+ Nxd7 18.
f4 f5 19. gxf5 Bxf5 20. Ng3 O-O 21. Bxb7 Rab8 22. Nxf5 Rxf5 23. Be4 Rxf4 24. Bxh7+ Kf8 25. Rb1 Rxb1 26. Bxb1 Bf6 27. d4 Rh4 28. Rxh4 Bxh4+ 29. Kd1 Bf6 30. Bf5 Ke8 31. e3 Nb6 32. Kc2 cxd4 33. exd4 e5 34. Kd3 exd4 35. cxd4 Ke7 36.
Bf4 Nd5 37. Bb8 a6 38. Be4 Ke6 39. Ba7 Be7 40. Kc4 Ne3+ 41. Kd3 Nd5 42. Bc5 Bg5 43. Kc4 Ne3+ 44. Kb4 Bd8 45. Bb7 Nd5+ 46. Kc4 Nc7 47. d5+ Kd7 48. Bc6+ Kc8 49. a4 Nxd5 50. Kxd5 Bh4 51. Bd6 Bf2 52. Kc4 Bg1 53. Bc5 Bh2 54.
Bb6 Bg3 55. a5 Bh2 56. Be4 Bg3 57. Kc5 Kb8 58. Kc6 Bf4 59. Bd3 Ka8 60. Bxa6 Bc7 61. Bc8 Bf4 62. a6 Bg3 63. Bb7+ 1-0

[Event "Early-Titled-Tuesday-Blitz-February-27-2024"]
[Site "Chess.com"]
[Date "2024.02.27"]
[Round "11"]
[White "Eagle_2019"]
[Black "TregubovP"]
[Result "0-1"]
[WhiteElo "2864"]
[BlackElo "2695"]
[TimeControl "180+1"]
[EndTime "10:07:00 PST"]
[Termination "TregubovP won on time"]

1. c4 e5 2. Nc3 Nf6 3. Nf3 Nc6 4. g3 Bc5 5. Bg2 d6 6. O-O O-O 7. e3 a6 8. d4 Ba7 9. h3 Re8 10. b3 Bf5 11. Bb2 Qd7 12. dxe5 dxe5 13. Qxd7 Bxd7 14.
Nd5 Rac8 15. Rad1 Bf5 16. Nxf6+ gxf6 17. Nh4 Be6 18. g4 Rcd8 19. Nf5 a5 20. Bxc6 bxc6 21. Ne7+ Kf8 22. Rxd8 Rxd8 23. Nxc6 Ra8 24. Rd1 Bc5 25. Bc3 a4 26. b4 Be7 27. Rc1 Bxc4 28. Bxe5 Bxa2 29.
Bd4 Bd6 30. Bxf6 a3 31. Ra1 Bd5 32. b5 Bc4 33. Be5 Bxb5 34. Bxd6+ cxd6 35. Nd4 Bc4 36. Nc2 a2 37. Nb4 Rb8 38. Nxa2 Ra8 39. Rc1 Bxa2 40.
Kg2 Bd5+ 41. Kg3 Ra7 42. Rd1 Ra5 43. f3 Ke7 44. h4 Be6 45. g5 f6 46. gxf6+ Kd7 47.
e4 Bf7 48. f4 Ke6 49. f5+ Kxf6 50. Rxd6+ Ke5 51. Rd7 Bh5 52. Rxh7 Ra3+ 53. Kf2 Bg4 54. Rg7 Kf4 55. f6 Ra2+ 56. Ke1 Ke3 57. Kf1 Bf3 58. Kg1 Bxe4 0-1

[Event "Early-Titled-Tuesday-Blitz-February-27-2024"]
[Site "Chess.com"]
[Date "2024.02.27"]
[Round "11"]
[White "davigator"]
[Black "GoValya"]
[Result "1-0"]
[WhiteElo "2391"]
[BlackElo "2267"]
[TimeControl "180+1"]
[EndTime "10:07:00 PST"]
[Termination "davigator won by resignation"]

1. e4 e6 2. d4 d5 3. Nc3 Bb4 4. e5 c5 5. a3 Bxc3+ 6. bxc3 Qa5 7. Bd2 Qa4 8. Nf3 Nc6 9. Be3 Nge7 10. Bd3 c4 11. Be2 Nf5 12. Qb1 Nxe3 13. fxe3 Qa5 14.
Qb2 O-O 15. O-O Rb8 16. Ng5 h6 17. Nh3 Ne7 18. Bg4 Bd7 19. Qb4 Qxb4 20. axb4 a6 21. Rf2 f6 22. exf6 Rxf6 23. Nf4 Rbf8 24. Re2 g5 25. Nh5 R6f7 26. Ng3 Nf5 27. e4 Nxg3 28. hxg3 dxe4 29. Rxe4 Bc6 30. Rxe6 Rf2 31. Re2 Rxe2 32. Bxe2 Re8 33. Kf2 Bxg2 34. Ra5 Bc6 35. Rc5 Kg7 36. Bg4 Rf8+ 37. Ke3 Re8+ 38. Re5 Rf8 39. Rc5 Bb5 40. Rc7+ Rf7 41. Rc8 Re7+ 42. Kf2 Rf7+ 43. Kg1 Kg6 44. Rg8+ Kh7 45. Rd8 Kg6 46. Rg8+ Kh7 47. Rb8 Kg6 48. Bc8 h5 49. Bxb7 Re7 50. Kf2 g4 51. Bd5 Rd7 52.
Be4+ Kf6 53. Rf8+ Kg5 54. Rf5+ Kh6 55. Re5 Rf7+ 56. Ke2 Rf6 57. Bd5 Rf8 58. Re6+ Kg5 59. Re5+ Kh6 60. Re7 Kg5 61. Rc7 Re8+ 62. Kd2 h4 63.
gxh4+ Kxh4 64. Rh7+ Kg3 65. Rg7 Kf4 66. Bf7 Re7 67.
Rh7 Kg5 68. Bg8 Rxh7 69. Bxh7 Bc6 70. Ke2 g3 71. Kf1 Kf4 72. Bg8 Ke4 73. Bxc4 Ke3 74. Bxa6 Kd2 75. Kg1 Kxc3 76. b5 Bd5 77. b6 Kxd4 78.
b7 Bxb7 79. Bxb7 Kc3 80. Be4 Kd4 81. Bh7 Kc3 82. Kg2 Kd4 83. Kxg3 Kc3 84. Kf4 1-0

[Event "Early-Titled-Tuesday-Blitz-February-27-2024"]
[Site "Chess.com"]
[Date "2024.02.27"]
[Round "11"]
[White "Chessbard1972"]
[Black "CarlosjPineror"]
[Result "0-1"]
[WhiteElo "2453"]
[BlackElo "2550"]
[TimeControl "180+1"]
[EndTime "10:07:02 PST"]
[Termination "CarlosjPineror won on time"]

1. d4 Nf6 2. c4 e6 3. Nf3 Bb4+ 4. Nbd2 Qe7 5. a3 Bxd2+ 6. Bxd2 b6 7. Bf4 Bb7 8. e3 d6 9. h3 O-O 10. Be2 Nbd7 11.
Bh2 e5 12. O-O Rfe8 13. Re1 Ne4 14. Qc2 f5 15. b4 c5 16. dxe5 Nxe5 17. Nxe5 dxe5 18.
Bf3 Rad8 19. Red1 g6 20. b5 Kf7 21. a4 Ke6 22. a5 Rxd1+ 23. Rxd1 Rd8 24. a6 Ba8 25. g4 Rxd1+ 26. Qxd1 Qd6 27. Qxd6+ Kxd6 28. gxf5 gxf5 29. h4 Ke6 30. h5 h6 31. Bg2 Kd6 32. f4 Ke6 33. fxe5 Nd2 34. Bxa8 Nxc4 35. Bf4 Na3 36. Bd5+ Kxd5 37. Bxh6 Kxe5 38. Bg7+ Ke6 39.
h6 Kf7 40. Be5 Kg6 41. Bb8 Nxb5 42. Bf4 c4 43. Kf2 Nc3 44. Ke1 Nd5 45. Bb8 b5 46. Bxa7 Nb4 47. Bc5 Nxa6 48. Bd6 Kxh6 49. Kd2 Kg6 50.
Kc3 Kf6 51. Kd4 Ke6 52. Bf8 Kd7 53. Ke5 c3 54. Kxf5 b4 55. Bg7 c2 56. Bb2 b3 57. e4 Nb4 58. e5 Nd3 59. Kf6 Ke8 60. Ba3 b2 61. Bxb2 Nxb2 62. e6 c1=Q 63. e7 Qc6+ 0-1

[Event "Early-Titled-Tuesday-Blitz-February-27-2024"]
[Site "Chess.com"]
[Date "2024.02.27"]
[Round "11"]
[White "carlocapau"]
[Black "IMRosen"]
[Result "0-1"]
[WhiteElo "2461"]
[BlackElo "2671"]
[TimeControl "180+1"]
[EndTime "10:07:04 PST"]
[Termination "IMRosen won by resignation"]

1. d4 d5 2. c4 e6 3. Nf3 Nf6 4. Nc3 Nbd7 5. Bf4 Bb4 6. e3 c5 7. a3 Bxc3+ 8. bxc3 Qa5 9. Qb3 O-O 10.
Be2 b6 11. O-O Ba6 12. Rfe1 dxc4 13. Bxc4 Bxc4 14. Qxc4 Rac8 15. Qb3 Nd5 16. Bd6 c4 17. Qb2 Rfd8 18. Bb4 Qa4 19. Qd2 Qc6 20. e4 N5f6 21. Qf4 Nf8 22. Bxf8 Rxf8 23. Ne5 Qc7 24. Qe3 Nd7 25.
Nxd7 Qxd7 26. a4 Rb8 27. Reb1 a6 28. g3 h6 29. Qe2 Rfc8 30. Rb4 Qc6 31. Rab1 Rc7 32.
h4 b5 33. axb5 axb5 34. Ra1 Rcb7 35. h5 Qd7 36. Ra6 Ra7 37. Qa2 Rba8 38. Rxa7 Rxa7 39.
Qb2 Ra5 40. Kg2 Qb7 41. Qe2 f5 42. f3 Qa8 43. Rb2 fxe4 44. Qxe4 Qd5 45. Re2 Ra3 46. Qc2 Qd6 47. Re5 Ra6 48. Qe4 Rb6 49. Qa8+ Kh7 50. Qe4+ Kg8 51. f4 b4 52. f5 exf5 53. Re8+ Kf7 54.
Qe2 Qc6+ 55. d5 Qxe8 56. Qxc4 Rd6 57. cxb4 Qd7 58. b5 Rxd5 59. b6 Qb7 60. Kh3 Ke7 61. Qe2+ Kd6 62. Qb2 Kc6 63. Qc3+ Rc5 64. Qf3+ Kxb6 65.
Qf4 Qc6 66. Qd2 Kc7 67. Qb2 Rc4 68. Qxg7+ Qd7 69. Qf6 f4+ 70. Kh4 fxg3+ 71. Kxg3 Qg4+ 72. Kf2 Rf4+ 0-1

[Event "Early-Titled-Tuesday-Blitz-February-27-2024"]
[Site "Chess.com"]
[Date "2024.02.27"]
[Round "11"]
[White "Semen16"]
[Black "KuzubovYuriy"]
[Result "1/2-1/2"]
[WhiteElo "2739"]
[BlackElo "2941"]
[TimeControl "180+1"]
[EndTime "10:07:05 PST"]
[Termination "Game drawn - insufficient material"]

1. e4 e6 2. d4 d5 3. Nc3 Bb4 4. e5 Ne7 5. Qg4 Nf5 6. Bd3 h5 7. Qf4 g5 8. Qxg5 Qxg5 9. Bxg5 Nxd4 10. Bd2 Nbc6 11. f4 Ne7 12. Nge2 Nxe2 13. Nxe2 Bxd2+ 14. Kxd2 c5 15. c3 Bd7 16. Raf1 Bc6 17. Rhg1 Kd7 18.
f5 Rag8 19. fxe6+ Kxe6 20. Rf6+ Kxe5 21. Rxf7 Kd6 22. Rf6+ Ke5 23. Rf7 Ke6 24. Rf2 h4 25. Nf4+ Kd6 26. Re1 Bd7 27. Rfe2 Nc6 28. c4 d4 29. Nd5 Rh6 30. Be4 Rf8 31. b3 Bg4 32. Bf3 Bxf3 33. gxf3 Rxf3 34. Re8 Rg6 35. R1e2 h3 36.
Rh8 d3 37. Re3 Rg2+ 38. Kxd3 Ne5+ 39. Kc3 Rxe3+ 40. Nxe3 Rxh2 41. Rh6+ Kd7 42. Rh5 Nf3 43. Ng4 Rh1 44. Nf2 Rc1+ 45. Kb2 Re1 46. Nxh3 Re2+ 47. Kb1 b6 48. Nf4 Rf2 49. Nd3 Rd2 50. Rd5+ Kc7 51. Nf4 Rf2 52. Ne6+ Kc6 53. Nd8+ Kc7 54. Ne6+ Kc8 55.
Rd8+ Kb7 56. Rd3 Ne5 57. Rd5 Nc6 58. Nd8+ Kc7 59. Nxc6 Kxc6 60. Rd3 a6 61. Rd1 b5 62.
cxb5+ axb5 63. Rc1 Kb6 64. Rc2 Rf1+ 65. Kb2 Rf5 66. a3 Rf3 67. Rd2 Ka5 68. Rc2 Rf5 69.
Rxc5 Rxc5 70. b4+ Kb6 71. bxc5+ Kxc5 72. Kb3 Kb6 73. a4 Ka6 74. axb5+ Kxb5 1/2-1/2

[Event "Early-Titled-Tuesday-Blitz-February-27-2024"]
[Site "Chess.com"]
[Date "2024.02.27"]
[Round "11"]
[White "Slovineanu"]
[Black "Pelusiansky"]
[Result "1/2-1/2"]
[WhiteElo "2480"]
[BlackElo "2585"]
[TimeControl "180+1"]
[EndTime "10:07:05 PST"]
[Termination "Game drawn by repetition"]

1. d4 d5 2. Nf3 Nf6 3. c4 e6 4. e3 a6 5. b3 Bb4+ 6. Nbd2 O-O 7. Bd3 c5 8. Bb2 cxd4 9. exd4 dxc4 10. bxc4 b5 11. O-O bxc4 12. Nxc4 Bb7 13. Nce5 Nbd7 14. Qe2 Nd5 15. Qe4 N7f6 16. Qh4 Be7 17. Rab1 Nb4 18. Bc4 Rc8 19. a3 Bd5 20. Be2 Ne4 21.
Qh3 Nc6 22. Bxa6 Rb8 23. Bd3 f5 24. Nxc6 Bxc6 25. Ne5 Bd5 26. a4 Nd2 27. Bb5 Nxb1 28. Rxb1 Rc8 29. Ba3 Bxa3 30. Qxa3 Qg5 31. Bf1 f4 32. a5 Rb8 33. Ra1 Ra8 34. a6 Ra7 35. Qc5 Rfa8 36. Nc6 Rxa6 37. Rxa6 Rxa6 38. Ne7+ Kf7 39.
Nxd5 Ra1 40. Qc7+ Kg6 41. Nxf4+ Kh6 42. Qf7 g6 43. g3 Qf5 44. Qxf5 exf5 45. Kg2 Kg5 46.
h4+ Kf6 47. Be2 Ra2 48. Bf3 Rd2 49. d5 Ke5 50. Nh3 h6 51. Nf4 g5 52. hxg5 hxg5 53.
Nh5 g4 54. Nf4 gxf3+ 55. Kxf3 Ra2 56. Kg2 Ra3 57. Kh3 Ra2 58. f3 Ra8 59. Kh4 Rg8 60. Kh3 Rh8+ 61. Kg2 Rg8 62. Kh3 Kf6 63. Kg2 Ke5 64.
Kh3 1/2-1/2

[Event "Early-Titled-Tuesday-Blitz-February-27-2024"]
[Site "Chess.com"]
[Date "2024.02.27"]
[Round "11"]
[White "ural58"]
[Black "Anton_Demchenko"]
[Result "1/2-1/2"]
[WhiteElo "2505"]
[BlackElo "2855"]
[TimeControl "180+1"]
[EndTime "10:07:06 PST"]
[Termination "Game drawn - insufficient material"]

1. e4 e5 2. f4 exf4 3. Bc4 h6 4. Nc3 d6 5. d4 g5 6. h4 c6 7. Qh5 d5 8. exd5 Nf6 9. Qe2+ Kd7 10. hxg5 Bb4 11.
dxc6+ Nxc6 12. Bxf7 hxg5 13. Rxh8 Qxh8 14. d5 Nd4 15.
Be6+ Kd8 16. Qd3 Ng4 17. Bxf4 gxf4 18. O-O-O Bc5 19. Ne4 Bb6 20. c3 Ne3 21. Re1 Ndf5 22. Nh3 Qh4 23. Rh1 Ke7 24. Nhf2 Qxh1+ 25. Nxh1 Bxe6 26.
dxe6 Rd8 27. Qe2 Rd1+ 28. Qxd1 Nxd1 29. Kxd1 Ne3+ 30. Ke2 Nxg2 31. Ng5 Ne3 32. Kf3 Bc7 33. Nf2 Nc4 34. Nd3 Kf6 35. Kg4 Bd6 36. b3 Ne3+ 37. Kh5 Nd1 38. c4 b6 39. Kg4 Ne3+ 40.
Kh5 Nc2 41. Kg4 Ne3+ 42. Kh5 a6 43. Ne4+ Kxe6 44. Nxd6 Kxd6 45. Nxf4 Nd1 46. Nd3 Nc3 47. a3 Ne2 48. b4 Nc3 49. c5+ Kc6 50. cxb6 Kxb6 51. Nc5 a5 52. bxa5+ Kxc5 53. a6 Nb5 54. a7 Nxa7 55. a4 Kb6 56. a5+ Ka6 57. Kh6 Nb5 58.
Kh5 Nd4 59. Kh6 Ne6 60. Kh5 Nd8 61. Kh6 Nf7+ 62. Kh5 Nd6 63. Kh4 Ne4 64. Kh3 Nd2 65. Kh4 Nc4 66. Kh5 Nd6 67. Kh4 Nb5 68. Kh3 Nc3 69. Kh4 Ne4 70. Kh5 Nc5 71. Kh4 Nb3 72.
Kh5 Nxa5 1/2-1/2

[Event "Early-Titled-Tuesday-Blitz-February-27-2024"]
[Site "Chess.com"]
[Date "2024.02.27"]
[Round "11"]
[White "Iskusnyh"]
[Black "artin10862"]
[Result "1/2-1/2"]
[WhiteElo "2701"]
[BlackElo "2877"]
[TimeControl "180+1"]
[EndTime "10:07:08 PST"]
[Termination "Game drawn - timeout vs insufficient material"]

1. d4 g6 2. c4 Bg7 3. Nf3 d6 4. g3 Bd7 5. Bg2 Qc8 6. h3 Nc6 7. Nc3 h6 8. e4 e5 9. Be3 Nf6 10. d5 Ne7 11. Qd2 h5 12. c5 O-O 13. Rc1 Qd8 14. O-O Nh7 15. Ne1 f5 16. Nd3 h4 17.
Bh6 Kh8 18. Bxg7+ Kxg7 19. f4 exf4 20. gxf4 fxe4 21. Nxe4 Bf5 22. Ndf2 Nf6 23. Nxf6 Rxf6 24. Qd4 dxc5 25. Rxc5 Qd6 26. Ng4 Bxg4 27. hxg4 Kg8 28. Rxc7 Raf8 29. Qe5 Nc8 30. Rfc1 Rxf4 31. Qxd6 Nxd6 32.
Rd7 Nf7 33. d6 Ne5 34. Rxb7 Rxg4 35. Kh1 Rd4 36. Rcc7 Rf7 37. Rxf7 Nxf7 38. d7 Kg7 39. Bh3 Kf6 40. Rxa7 g5 41. a3 g4 42. Bf1 Ne5 43.
b4 h3 44. Kh2 Nxd7 45. Kg3 Ne5 46. Ra6+ Kf5 47. Ra5 Rf4 48. Bd3+ Kf6 49. Kxf4 Nxd3+ 50. Kxg4 h2 51. Rh5 h1=Q 52. Rxh1 Nf2+ 53. Kf3 Nxh1 54. Kg2 Ke5 55. Kxh1 Kd5 56. Kg2 Kc4 57. Kf3 Kb5 58.
Ke4 Ka4 1/2-1/2

[Event "Early-Titled-Tuesday-Blitz-February-27-2024"]
[Site "Chess.com"]
[Date "2024.02.27"]
[Round "11"]
[White "betta2004"]
[Black "annamaja"]
[Result "0-1"]
[WhiteElo "2578"]
[BlackElo "2451"]
[TimeControl "180+1"]
[EndTime "10:07:10 PST"]
[Termination "annamaja won by resignation"]

1. e4 e6 2. d4 d5 3. Bd3 dxe4 4. Bxe4 Nf6 5. Bf3 c5 6. Ne2 Nc6 7. Be3 cxd4 8. Nxd4 Nxd4 9. Qxd4 Qxd4 10. Bxd4 Be7 11.
Nc3 a6 12. O-O-O O-O 13. Na4 Nd7 14. Be3 Ne5 15. Nb6 Rb8 16. Bf4 f6 17. Bxe5 fxe5 18. Rhe1 Bc5 19. Nc4 Bxf2 20. Rxe5 b5 21. Na5 Bh4 22. Nc6 Rb6 23. Re2 Rxf3 24. gxf3 Rxc6 25. f4 Kf7 26. Kb1 Bf6 27. Re4 Rc7 28. a4 Bb7 29. Rb4 Be7 30. Rbd4 Bd5 31. f5 Bf6 32. fxe6+ Bxe6 33. Rd6 bxa4 34. Rxa6 Rb7 35. Rdd6 Bc4 36. Rxa4 Bxb2 37.
Rd7+ Rxd7 38. Kxb2 Be6 39. Kc3 Rc7+ 40. Kd2 Kf6 41.
c3 Ke5 42. Ra5+ Bd5 43. Kd3 Kd6 44. Ra6+ Rc6 45. Ra7 Rc7 46. Ra6+ Bc6 47. Kd4 Rf7 48. c4 Rf4+ 49. Kc3 g5 50. Ra5 h6 51. Ra7 Rh4 52. Kb4 Rxh2 53. c5+ Kd5 54. Rf7 Rb2+ 55. Kc3 Rb5 56.
Rf6 Rxc5+ 57. Kd3 Bb5+ 58. Ke3 Ke5 59. Rxh6 Rc3+ 60. Kf2 Kf4 61. Rf6+ Kg4 62. Re6 Rf3+ 63. Kg2 Rg3+ 64. Kh2 Rb3 65. Kg2 Rb2+ 66. Kg1 Bc4 67. Re4+ Kg3 68. Rxc4 Rb1+ 0-1

[Event "Early-Titled-Tuesday-Blitz-February-27-2024"]
[Site "Chess.com"]
[Date "2024.02.27"]
[Round "11"]
[White "Chopper1905"]
[Black "Rodalquilar"]
[Result "0-1"]
[WhiteElo "2922"]
[BlackElo "2806"]
[TimeControl "180+1"]
[EndTime "10:07:11 PST"]
[Termination "Rodalquilar won by resignation"]

1. c4 e6 2. Nc3 d5 3. d4 h6 4. cxd5 exd5 5. Bf4 Nf6 6. e3 Bd6 7. Bxd6 Qxd6 8. Bd3 O-O 9. h3 c6 10. Nf3 Re8 11.
Qc2 Qe7 12. Nd2 a5 13. O-O Na6 14. a3 Nc7 15. Rab1 Ne6 16. Rfc1 Ng5 17. Bf1 g6 18.
Nb3 Bf5 19. Bd3 Nge4 20. Nxe4 Nxe4 21. Nc5 Qg5 22. Bxe4 Rxe4 23. f4 Qe7 24. Nxe4 Bxe4 25. Qc3 Bxb1 26. Rxb1 a4 27. Re1 Ra6 28. Qc2 Rb6 29.
e4 dxe4 30. Rxe4 Rxb2 31. Rxe7 Rxc2 32. Rxb7 Rc4 33. Rc7 Rxd4 34. f5 Rc4 35. fxg6 fxg6 36. Kh2 Rc3 37. h4 Kf8 38. g3 g5 39. h5 g4 40. Rh7 Rxa3 41. Rxh6 Rc3 42. Rh8+ Kg7 43.
Ra8 a3 44. Ra4 c5 45. Rxg4+ Kh6 46. Ra4 Kxh5 47. Kh3 Kg5 48. Ra5 Kf5 49. Kh4 Ke4 50. g4 Kd4 51. g5 Kc4 52. g6 Kb4 53. g7 Rc1 54. Ra8 Rh1+ 55. Kg5 Rg1+ 56. Kf6 Kb3 57. Rb8+ Kc3 58. Ra8 Kb2 59. Rb8+ Kc3 60. Ra8 Kb3 61.
Rb8+ Ka4 62. g8=Q Rxg8 63. Rxg8 a2 64. Ke5 a1=Q+ 65. Kd6 Qd4+ 0-1

[Event "Early-Titled-Tuesday-Blitz-February-27-2024"]
[Site "Chess.com"]
[Date "2024.02.27"]
[Round "11"]
[White "ArtemDyachuk"]
[Black "viktorskliarov"]
[Result "0-1"]
[WhiteElo "2685"]
[BlackElo "2598"]
[TimeControl "180+1"]
[EndTime "10:07:11 PST"]
[Termination "viktorskliarov won by checkmate"]

1. d4 Nf6 2. Nf3 g6 3. Bf4 Bg7 4. Nbd2 O-O 5. e4 d6 6. c3 Nbd7 7. h3 Qe8 8. e5 Nd5 9. Bg3 dxe5 10. dxe5 e6 11. Bd3 Nc5 12. Bc2 a5 13. O-O b6 14.
Ne4 Nxe4 15. Bxe4 Ba6 16. Re1 Rd8 17. Qc2 h6 18. Bh4 g5 19. Nxg5 hxg5 20. Bxg5 f5 21. exf6 Nxf6 22. Bg6 Qc6 23. Re3 Bb7 24. Rg3 Ne4 25. Bxe4 Qxe4 26. Qxe4 Bxe4 27. Re1 Bd5 28. Bxd8 Rxd8 29. b3 b5 30. c4 bxc4 31. bxc4 Bxc4 32. Rc1 Rd4 33. Rgc3 Bxa2 34. Rxc7 Bd5 35. Ra7 a4 36. Rc8+ Bf8 37. Rcc7 a3 38. Rc3 Rd1+ 39. Kh2 Bd6+ 40.
Rg3+ Bxg3+ 41. Kxg3 a2 42. Rc7 a1=Q 43. Rc8+ Kf7 44.
Rc7+ Kf6 45. Kh4 Qd4+ 46. g4 Qxf2+ 47. Kh5 Ke5 48. Rg7 Rh1 49. Rg5+ Kd6 50. Kg6 Be4+ 51. Kg7 Qd4+ 52. Kg8 Rxh3 53. Rg7 Rh7 54. Rxh7 Bxh7+ 55. Kf7 Bg8+ 56. Kf8 Bf7 57. g5 Bg6 58. Kg8 Bf5 59. Kf8 Ke5 60. Kf7 Kf4 61. g6 Bxg6+ 62. Ke7 Qe5 63.
Kd7 Be4 64. Ke7 Bh1 65. Kf7 Kf5 66. Ke7 Qc7+ 67. Ke8 Kf6 68. Kf8 Qf7# 0-1

[Event "Early-Titled-Tuesday-Blitz-February-27-2024"]
[Site "Chess.com"]
[Date "2024.02.27"]
[Round "11"]
[White "Herman-NY"]
[Black "janhelmer03"]
[Result "1-0"]
[WhiteElo "2533"]
[BlackElo "2369"]
[TimeControl "180+1"]
[EndTime "10:07:11 PST"]
[Termination "Herman-NY won on time"]

1. e4 c5 2. Nf3 Nc6 3. Bb5 Nf6 4. Bxc6 bxc6 5. d3 d6 6. e5 Nd5 7. h3 g6 8. O-O Bg7 9. Re1 O-O 10.
Nbd2 Qc7 11. Nc4 Nb6 12. Bf4 d5 13. Ne3 Be6 14. Qd2 Nd7 15. Nf1 Rab8 16. Rab1 Qb6 17. Bh6 Qb4 18. Qc1 d4 19. b3 a5 20. a4 Bd5 21. Bxg7 Kxg7 22. N3h2 Be6 23. Ng3 h6 24. Nf3 Bd5 25. Nd2 Qb6 26. Re2 Qc7 27. Qe1 Rbe8 28. f4 f6 29. e6 Nb6 30. f5 g5 31. Nh5+ Kh7 32. Nf1 Nc8 33. Nfg3 Nd6 34. Qf2 Rb8 35. Rf1 Ne8 36. Qe1 Ng7 37. Nxg7 Kxg7 38. Nh5+ Kh7 39. Qf2 Rg8 40. g4 Rgf8 41. Qe1 Rg8 42. Rh2 Rgf8 43. Qd2 Rb4 44. Re2 Qb8 45. Rff2 Rb7 46. Qe1 c4 47. dxc4 d3 48. cxd3 Rxb3 49. cxd5 cxd5 50.
Re3 Rb1 51. Kg2 Rxe1 52. Rxe1 d4 53. Ng3 Qb7+ 54. Ne4 Rc8 55. Ree2 Rc3 56. Rb2 Qd5 57. Rfd2 Rxd3 58. Rxd3 Qxe4+ 59. Rf3 d3 60. Rd2 Qxa4 61.
Rfxd3 h5 62. Rd7 hxg4 63. Rxe7+ Kh6 64. Rdd7 gxh3+ 65. Kxh3 Qh4+ 66. Kg2 Qg4+ 67. Kh1 Qxf5 68. Rh7+ 1-0